 Dungeon Crawl Stone Soup version 0.18-a0-1677-g2bdad6c (webtiles) character file.

219502 dvd the Imperceptible (level 18, -9/83 HPs)
             Began as a Spriggan Enchanter on Apr 2, 2016.
             Was an Initiate of Gozag.
             Hit by a large rock thrown by a stone giant (46 damage)
             ... on level 3 of the Vaults on Apr 4, 2016.
             The game lasted 04:43:43 (48421 turns).

dvd the Imperceptible (Spriggan Enchanter)         Turns: 48421, Time: 04:43:44

Health: -9/83      AC:  9    Str:  7    XL:     18   Next: 44%
Magic:  37/50      EV: 29    Int: 32    God:    Gozag
Gold:   6729       SH:  0    Dex: 20    Spells: 12 memorised, 8 levels left

rFire  + . .     SeeInvis +     a - +4 short sword (venom)
rCold  + . .     Gourm    .     e - +1 robe {rC+}
rNeg   . . .     Faith    .     (shield restricted)
rPois  +         Spirit   .     z - +2 hat of Unreason {rF+ Int+6}
rElec  +         Dismiss  .     t - +2 cloak
rCorr  .         Reflect  .     (gloves unavailable)
SustAt .         Harm     .     (boots unavailable)
MR     +++++                    w - amulet of regeneration
Stlth  +++++++++.               H - ring of Saizeyga {rElec rPois MP+9 Dex+3}
                                C - ring of the Mage {Wiz MR++ Int+3}

@: very quick, almost entirely resistant to hostile enchantments, incredibly
stealthy
A: unfitting armour, molten scales 1, see invisible, herbivore 3, speed 3, slow
metabolism 2, strong 1
a: Potion Petition, Call Merchant, Bribe Branch, Renounce Religion
}: 1/15 runes: gossamer


You were on level 3 of the Vaults.
You worshipped Gozag.
Gozag was noncommittal.
You were not hungry.

You visited 7 branches of the dungeon, and saw 34 of its levels.
You also visited: Labyrinth and Volcano.

You collected 14980 gold pieces.
You spent 2987 gold pieces at shops.
You paid 5264 gold pieces to Gozag.

Inventory:

Hand Weapons
 a - a +4 short sword of venom (weapon)
 b - the +4 greatsling "Tummoing" {velocity, rElec Str+5 Dex-2}
   (You bought it in a shop on level 10 of the Dungeon)

   Any stone fired from it inflicts extra damage.
   It affects your strength (+5).
   It affects your dexterity (-2).
   It insulates you from electricity.
 i - a +4 short sword
 s - the +4 war axe "Pofez" {elec, rPois Int+4}
   (You found it on level 2 of the Vaults)

   Occasionally, upon striking a foe, it will discharge some electrical energy
   and cause terrible harm.
   It affects your intelligence (+4).
   It protects you from poison.
Missiles
 h - 793 stones (quivered)
 l - 50 sling bullets
Armour
 e - a +1 robe of cold resistance (worn)
 t - a +2 cloak (worn)
 z - the +2 hat of Unreason (worn) {rF+ Int+6}
   (You bought it in a shop on level 2 of the Spider Nest)

   It affects your intelligence (+6).
   It protects you from fire.
 A - a +0 robe of the Archmagi
Jewellery
 c - an uncursed ring of resist corrosion
 w - an amulet of regeneration (around neck)
 B - an uncursed ring of protection from fire
 C - the ring of the Mage (left hand) {Wiz MR++ Int+3}
   (You found it on level 7 of the Lair of Beasts)

   [ring of wizardry]

   It improves your spell success rate.
   It affects your intelligence (+3).
   It affects your resistance to hostile enchantments.
 H - the ring of Saizeyga (right hand) {rElec rPois MP+9 Dex+3}
   (You bought it in a shop on level 2 of the Orcish Mines)

   [ring of magical power]

   It affects your dexterity (+3).
   It insulates you from electricity.
   It protects you from poison.
   It affects your magic capacity (+9).
 J - the ring of Saodghor {rPois rF+ MR+ Stlth+}
   (You bought it in a shop on level 2 of the Orcish Mines)

   [ring of protection from fire]

   It protects you from fire.
   It protects you from poison.
   It affects your resistance to hostile enchantments.
   It makes you more stealthy.
 S - the amulet of Ryexumel {+Rage rPois Str-5 Dex+6}
   (You found it on level 12 of the Dungeon)

   [amulet of rage]

   It affects your strength (-5).
   It affects your dexterity (+6).
   It protects you from poison.
   It lets you go berserk.
Wands
 k - a wand of lightning (12/15)
 q - a wand of lightning (10/15)
 v - a wand of teleportation (7/9)
 y - a wand of disintegration (14/24)
 M - a wand of digging (8/24)
Scrolls
 g - 10 scrolls of teleportation
 m - 7 scrolls of remove curse
 n - 5 scrolls of fear
 o - 14 scrolls of identify
 p - 3 scrolls of fog
 r - 3 scrolls of recharging
 R - a scroll of blinking
Potions
 f - 2 potions of agility
 j - a potion of cure mutation
 u - 3 potions of cancellation
 O - a potion of might
 Q - 2 potions of flight
 U - 5 potions of curing
 W - 2 potions of magic
 Z - 4 potions of brilliance
Books
 x - a book of the Tempests

   Spells                             Type                      Level
   a - Static Discharge               Conjuration/Air              3
   b - Lightning Bolt                 Conjuration/Air              5
   c - Fireball                       Conjuration/Fire             5
   d - Tornado                        Air                          9
   e - Shatter                        Earth                        9
Comestibles
 d - 14 bread rations
 L - 11 fruits


   Skills:
 + Level 4.5 Fighting
 + Level 7.2(7.3) Short Blades
   Level 0.7(3.4) Long Blades
 + Level 12.0 Slings
 + Level 0.2(6.4) Throwing
 + Level 11.6 Dodging
 + Level 23.8 Stealth
 + Level 18.7 Spellcasting
 + Level 17.7 Hexes
 + Level 5.9 Charms
 + Level 5.8 Summonings
 + Level 2.8 Necromancy
 + Level 2.3 Translocations
 + Level 7.0 Ice Magic
 + Level 0.3 Evocations


You had 8 spell levels left.
You knew the following spells:

 Your Spells              Type           Power        Failure   Level  Hunger
a - Regeneration          Chrm/Necr      ######....   1%          3    None
b - Ensorcelled Hibernat  Hex/Ice        ######       0%          2    None
c - Confuse               Hex            #######.     0%          3    None
d - Tukima's Dance        Hex            #######.     0%          3    None
e - Cause Fear            Hex            #######...   0%          4    None
f - Dazzling Spray        Conj/Hex       ######..     1%          3    None
g - Summon Demon          Summ           ######....   1%          5    None
h - Summon Mana Viper     Hex/Summ       #######.     1%          5    None
i - Aura of Abjuration    Summ           ######....   1%          5    None
j - Warp Weapon           Chrm/Tloc      ######....   4%          5    None
k - Iskenderun's Mystic   Conj           ####....     6%          4    None
l - Control Undead        Necr           #####.....   1%          4    None


Dungeon Overview and Level Annotations

Branches:
Dungeon (14/15)            Temple (1/1) D:7            Lair (8/8) D:10
 Shoals (2/4) Lair:3       Spider (4/4) Lair:3        Slime (0/6) Lair:7
    Orc (2/2) D:9             Elf (0/3) Orc:2        Vaults (3/5) D:14
  Crypt (0/3) Vaults:3

Altars:
Ashenzari
Cheibriados
Dithmenos
Elyvilon
Fedhas
Gozag
Kikubaaqudgha
Makhleb
Nemelex Xobeh
Okawaru
Pakellas
Qazlal
Ru
Sif Muna
Trog
Vehumet
Xom
Yredelemnul
Zin
The Shining One
Beogh
Jiyva

Shops:
D:4 *   D:9 :   D:10 (   D:11 (   D:12 *   D:13 %   Orc:1 }   Orc:2 [=*(
Spider:2 [

Annotations:
Shoals:2 Polyphemus
Abyss:1 Boris


Innate Abilities, Weirdness & Mutations

You are tiny and cannot use many weapons and most armour.
You have supernaturally acute eyesight.
You are a herbivore.
You cover ground extremely quickly.
You need consume almost no food.
You are partially covered in molten scales (AC +1).
Your muscles are strong. (Str +2)


Message History

Press: ? - help, Shift-Dir - straight line, f/p - stone giant
Aim: a stone giant (lightly wounded, poisoned, chance to defeat MR: 39%)
The stone giant resists with some effort.
The stone giant hits you!
The stone giant throws a large rock.
The large rock hits you!!!
* * * LOW HITPOINT WARNING * * *
You see here a large rock.
The stone giant throws a large rock.
The large rock completely misses you.
Read which item? (? for menu, Esc to quit)
Okay, then.
Unknown command.
Drink which item? (? for menu, Esc to quit)
You feel much better.
The stone giant throws a large rock.
The large rock closely misses you.
Unknown command.
The stone giant looks more healthy.
The stone giant throws a large rock.
The large rock hits you!!!
Ouch! That really hurt!
You die...
Your body crumbles into a pile of gold.

#.#....#########.........#
..#....#.......#.........#
..#....#.......#.........#
..#....#.....).#.....C...#
#.#....#.......#.........#
..#....#)......#...(.....#
..#....))......#.........#
..#..)(#########.........#
#.'(............@........#
..#...(..................#
###...........(..........#
.......(.................#
.........................#
......(..................#
.....[)..................
........................
####[###..............


You could see a stone giant.

Vanquished Creatures
  Arachne (Spider:2)
  A sphinx (D:13)
  A vault warden (Vaults:1)
  7 emperor scorpions (Spider:4)
  2 stone giants
  2 very ugly things (Vaults:2)
  A deep elf annihilator (D:12)
  2 spark wasps
  The ghost of namelastname112 the Grappler, a journeyman DrMo of Ru (D:13)
  Snorg (D:10)
  A merfolk impaler (Shoals:1)
  A minotaur (Lab)
  6 yaktaur captains
  An entropy weaver (Spider:1)
  2 ogre magi
  2 vault guards (Vaults:2)
  The ghost of 4thArraOfDagon the Severer, a journeyman HOBe of Trog (Volcano)
  7 hydras
  A great orb of eyes (Vaults:2)
  4 ice dragons
  Erolcha (D:10)
  9 centaur warriors
  An alligator snapping turtle (Shoals:1)
  A death knight (D:13)
  3 tengu warriors
  Erica (D:10)
  11 death yaks
  A queen ant (Lair:8)
  A satyr (shapeshifter) (D:13)
  A vampire mage (Vaults:3)
  Sonja (Lair:2)
  5 orc high priests
  2 deep elf knights (Vaults:3)
  A shadow wraith (Vaults:2)
  The ghost of namnharef the Archer, a novice HEHu of Okawaru (D:10)
  A fire crab (Vaults:2)
  2 orc knights (Orc:2)
  6 hill giants
  4 ironbrand convokers
  22 orb spiders
  Pikel (D:6)
  A necromancer (Vaults:3)
  2 wizards
  3 deep elf archers
  A harpy (shapeshifter) (Vaults:3)
  27 wolf spiders
  The ghost of alfred1011 the Cruncher, a novice MiGl (D:6)
  10 harpies
  A deep elf mage (D:13)
  6 ugly things
  4 orc sorcerers
  An oklob plant (Lair:7)
  3 griffons
  3 hornets
  6 cyclopes
  4 manticores (Shoals:1)
  A siren (Lair:3)
  3 moths of wrath
  12 black mambas
  5 elephants (Lair:8)
  5 vault sentinels
  4 torpor snails
  2 molten gargoyles (Volcano)
  12 spiny frogs
  4 gargoyles
  A storm dragon simulacrum (Vaults:1)
  A centaur skeleton (D:14)
  2 demonic crawlers (Spider:4)
  A freezing wraith (Vaults:2)
  2 rime drakes (shapeshifter)
  21 yaktaurs
  A rime drake (Lair:8)
  4 komodo dragons
  28 jumping spiders
  7 trolls
  A merfolk (D:10)
  5 two-headed ogres
  A queen bee (shapeshifter) (D:13)
  9 polar bears
  Grinder (D:5)
  14 blink frogs
  Prince Ribbit (D:5)
  7 slime creatures
  3 raiju (Lair:8)
  2 snapping turtles (Shoals:1)
  2 shadows
  Sigmund (D:5)
  A salamander simulacrum (Vaults:2)
  4 wraiths
  3 wyverns
  52 yaks
  30 tarantellas
  A vampire (D:12)
  73 redbacks
  Eustachio (D:5)
  2 fire bats (Volcano)
  A hungry ghost (D:13)
  5 basilisks
  15 humans
  A human (shapeshifter) (Vaults:1)
  A steam dragon (D:10)
  Menkaure (D:4)
  5 hippogriffs
  9 vampire mosquitoes
  9 wargs
  2 mottled dragons
  12 soldier ants (Lair:8)
  10 porcupines
  4 hell hounds (Lair:8)
  Duvessa (D:5)
  13 water moccasins
  22 orc warriors
  3 sky beasts
  14 black bears
  9 ice beasts
  4 necrophages
  A wasp (D:12)
  34 wolves
  5 centaurs
  7 boggarts
  A phantom (D:5)
  13 crocodiles
  17 ogres
  2 big kobolds
  16 giant frogs
  Dowan (D:5)
  A wyvern skeleton (D:10)
  3 scorpions
  10 killer bees
  5 wights
  4 howler monkeys (D:8)
  2 crimson imps
  3 centaur zombies
  2 lava snakes (Volcano)
  20 hounds
  2 quasits
  3 jellies
  13 orc priests
  2 giant frog skeletons (D:13)
  11 iguanas
  16 orc wizards
  45 worker ants
  38 sheep
  A hound zombie (D:5)
  4 gnolls
  13 adders
  42 river rats
  2 shadow imps
  An ooze (D:3)
  An adder zombie (D:9)
  4 worms
  2 dart slugs (D:1)
  2 giant geckos
  76 orcs
  14 giant cockroaches
  14 goblins
  11 hobgoblins
  16 jackals
  9 kobolds
  2 quokkas
  A ball python (D:6)
  8 bats
  5 giant newts
  3 jackal skeletons (D:7)
  10 rats
  4 fungi
  A plant (Lair:8)
1188 creatures vanquished.

Vanquished Creatures (collateral kills)
  Jorgrun (Spider:4)
  Rupert (Spider:1)
  An acid blob (shapeshifter) (Vaults:2)
  Agnes (Lair:3)
  A tengu reaver (D:12)
  2 ghost moths (Spider:4)
  A deep elf sorcerer (Vaults:3)
  4 vault wardens (Vaults:2)
  2 orc warlords (Orc:2)
  3 ironheart preservers
  A stone giant (Vaults:2)
  A fire dragon (Vaults:2)
  2 vault guards (Vaults:2)
  An ice dragon (Vaults:2)
  A death knight (Vaults:2)
  5 ogre magi
  A deep elf knight (Vaults:3)
  2 deep trolls
  A skeletal warrior (D:14)
  4 hill giants
  3 wolf spiders
  A phantasmal warrior (D:13)
  6 orc knights
  A mana viper (shapeshifter) (Vaults:1)
  A hornet (Vaults:1)
  2 orc sorcerers (Orc:2)
  4 deep elf magi
  An orb spider (Spider:2)
  4 vault sentinels
  A centaur skeleton (D:13)
  A freezing wraith (Vaults:3)
  8 yaktaurs
  5 demonic crawlers
  3 jumping spiders
  2 merfolk
  A raiju (Lair:8)
  11 two-headed ogres
  A slime creature (Vaults:1)
  5 redbacks
  6 tarantellas
  A human (D:14)
  4 vampire mosquitoes (Vaults:2)
  6 wargs
  16 orc warriors
  20 ogres
  4 wolves (Lair:8)
  A deep troll simulacrum (Vaults:2)
  An elf simulacrum (Vaults:3)
  8 wights
  4 hounds (Lair:8)
  3 orc priests
  4 orc wizards
  19 orcs
  A quokka (D:10)
195 creatures vanquished.

Vanquished Creatures (others)
  A very ugly thing (Vaults:2)
  An ogre mage (Vaults:3)
  A hill giant (D:10)
  A deep elf mage (D:10)
  A yaktaur (Vaults:3)
  A jumping spider (Spider:3)
  18 dancing weapons
  A centaur (Shoals:1)
  An ooze (D:6)
  A bush (Lair:8)
  58 fungi
  44 plants
129 creatures vanquished.

Grand Total: 1512 creatures vanquished

Notes
Turn   | Place    | Note
--------------------------------------------------------------
     0 | D:1      | dvd the Spriggan Enchanter began the quest for the Orb.
     0 | D:1      | Reached XP level 1. HP: 9/9 MP: 5/5
   385 | D:1      | Reached XP level 2. HP: 8/13 MP: 6/6
   563 | D:1      | Learned a level 2 spell: Ensorcelled Hibernation
  1100 | D:1      | Reached skill level 1 in Slings
  1100 | D:1      | Reached skill level 5 in Stealth
  1100 | D:1      | Reached XP level 3. HP: 16/16 MP: 8/8
  1672 | D:2      | Learned a level 3 spell: Confuse
  1864 | D:2      | Reached XP level 4. HP: 21/21 MP: 1/9
  1933 | D:2      | Learned a level 3 spell: Tukima's Dance
  2040 | D:2      | Found a sparkling altar of Nemelex Xobeh.
  3182 | D:3      | Reached XP level 5. HP: 25/25 MP: 11/11
  3263 | D:3      | Reached skill level 6 in Stealth
  3338 | D:3      | Found a faded altar to an unknown god.
  3442 | D:3      | Reached skill level 1 in Ice Magic
  3621 | D:3      | Found an opulent altar of Gozag.
  3638 | D:3      | Became a worshipper of Gozag Ym Sagoz the Greedy
  3707 | D:4      | Found Tigoaggu's General Store.
  3796 | D:4      | Noticed an ogre
  3857 | D:4      | Killed an ogre
  3857 | D:4      | Reached XP level 6. HP: 29/29 MP: 3/13
  3913 | D:4      | Noticed Menkaure
  3943 | D:4      | Found a radiant altar of Vehumet.
  3945 | D:4      | Killed Menkaure
  3945 | D:4      | Reached skill level 7 in Stealth
  3945 | D:4      | Reached skill level 5 in Hexes
  4220 | D:4      | Reached XP level 7. HP: 27/32 MP: 1/14
  4712 | D:4      | Found a burning altar of Makhleb.
  4803 | D:4      | Found a snail-covered altar of Cheibriados.
  4867 | D:4      | Found an ancient bone altar of Kikubaaqudgha.
  4870 | D:4      | Reached skill level 5 in Spellcasting
  5356 | D:5      | Entered Level 5 of the Dungeon
  5356 | D:5      | Noticed Sigmund
  5358 | D:5      | Killed Sigmund
  5358 | D:5      | Reached skill level 1 in Fighting
  5618 | D:5      | Noticed Grinder
  5633 | D:5      | Killed Grinder
  5633 | D:5      | Reached skill level 8 in Stealth
  5633 | D:5      | Reached XP level 8. HP: 37/37 MP: 3/18
  5747 | D:5      | Noticed Eustachio
  5775 | D:5      | Killed Eustachio
  5787 | D:5      | Noticed Dowan
  5789 | D:5      | Noticed Duvessa
  5881 | D:5      | Killed Duvessa
  5949 | D:5      | Killed Dowan
  5992 | D:5      | Reached skill level 9 in Stealth
  6310 | D:5      | Noticed Prince Ribbit
  6320 | D:5      | Killed Prince Ribbit
  6343 | D:5      | Reached XP level 9. HP: 33/41 MP: 16/21
  6703 | D:6      | Noticed alfred1011's ghost (novice MiGl)
  6837 | D:6      | Noticed Pikel
  6962 | D:6      | Reached skill level 5 in Dodging
  6962 | D:6      | Reached skill level 10 in Stealth
  6982 | D:6      | Killed Pikel
  7320 | D:6      | Killed alfred1011's ghost
  7320 | D:6      | Reached skill level 11 in Stealth
  8197 | D:7      | Found a staircase to the Ecumenical Temple.
  8206 | Temple   | Entered the Ecumenical Temple
  8673 | D:7      | Reached XP level 10. HP: 31/46 MP: 14/23
  9355 | D:8      | Reached skill level 12 in Stealth
  9577 | D:8      | Reached skill level 5 in Slings
 10204 | D:9      | Found a staircase to the Orcish Mines.
 10314 | D:9      | Found a shattered altar of Ashenzari.
 10341 | D:9      | Found a roughly hewn altar of Beogh.
 10518 | D:9      | Found Xyrasmeh's Book Shop.
 10522 | D:9      | Bought a book of Necromancy for 330 gold pieces
 10526 | D:9      | Learned a level 3 spell: Regeneration
 10642 | D:9      | Learned a level 4 spell: Cause Fear
 10695 | D:9      | Found a glowing golden altar of the Shining One.
 10702 | D:9      | Found a sparkling altar of Nemelex Xobeh.
 10844 | D:9      | Found a deep blue altar of Sif Muna.
 10915 | D:9      | Found a roughly hewn altar of Beogh.
 11225 | D:10     | Entered Level 10 of the Dungeon
 11240 | D:10     | Noticed Snorg
 11241 | D:10     | Found a staircase to the Lair.
 11375 | D:10     | HP: 2/46 [troll (13)]
 11706 | D:10     | Noticed namnharef's ghost (novice HEHu)
 11723 | D:10     | Killed namnharef's ghost
 11723 | D:10     | Reached skill level 13 in Stealth
 11723 | D:10     | Reached skill level 10 in Spellcasting
 11735 | D:10     | Noticed Erica
 11737 | D:10     | Noticed a hill giant
 11741 | D:10     | Noticed Erolcha
 11792 | D:9      | Killed a hill giant
 11792 | D:9      | Reached skill level 10 in Hexes
 12134 | D:10     | Killed Erica
 12134 | D:10     | Reached XP level 11. HP: 26/50 MP: 19/26
 12483 | D:10     | Killed Snorg
 12619 | D:10     | Noticed a deep elf mage
 12653 | D:10     | Noticed a hill giant
 12683 | D:10     | Killed a deep elf mage
 12701 | D:10     | Killed a hill giant
 12961 | D:10     | Killed Erolcha
 12961 | D:10     | Reached skill level 14 in Stealth
 13368 | Lair:1   | Entered Level 1 of the Lair of Beasts
 13431 | Lair:1   | Found a dark tunnel.
 13442 | Volcano  | Entered a volcano
 13483 | Volcano  | Reached skill level 1 in Charms
 13541 | Volcano  | Noticed 4thArraOfDagon's ghost (journeyman HOBe)
 13855 | Volcano  | Gained mutation: Your muscles are strong. (Str +2) [potion of mutation]
 13855 | Volcano  | Gained mutation: You are partially covered in molten scales (AC +1). [potion of mutation]
 13904 | Volcano  | Killed 4thArraOfDagon's ghost
 13946 | Volcano  | Noticed an orc sorcerer
 13947 | Volcano  | Found a bloodstained altar of Trog.
 13957 | Volcano  | Killed an orc sorcerer
 14168 | Volcano  | Reached skill level 15 in Stealth
 14729 | Lair:1   | Reached XP level 12. HP: 55/55 MP: 8/28
 15438 | Lair:2   | Noticed a five-headed hydra
 15444 | Lair:2   | Killed a five-headed hydra
 15444 | Lair:2   | Reached skill level 16 in Stealth
 15461 | Lair:2   | Noticed Sonja
 15469 | Lair:2   | Killed Sonja
 16899 | Lair:3   | Reached skill level 5 in Short Blades
 17135 | Lair:3   | Found a hole to the Spider Nest.
 17139 | Lair:3   | Noticed a four-headed hydra
 17177 | Lair:3   | Killed a four-headed hydra
 17177 | Lair:3   | Reached skill level 17 in Stealth
 17261 | Lair:3   | Found a staircase to the Shoals.
 17777 | Lair:3   | Learned a level 3 spell: Dazzling Spray
 17781 | Lair:3   | Learned a level 3 spell: Gell's Gravitas
 17923 | Lair:4   | Noticed a seven-headed hydra
 17931 | Lair:4   | Killed a seven-headed hydra
 18644 | Lair:5   | Reached XP level 13. HP: 59/59 MP: 27/30
 19734 | Lair:6   | Reached skill level 18 in Stealth
 20757 | Lair:7   | Reached skill level 5 in Ice Magic
 20879 | Lair:7   | Found a staircase to the Slime Pits.
 20879 | Lair:7   | Found a viscous altar of Jiyva.
 21567 | Lair:8   | Entered Level 8 of the Lair of Beasts
 21778 | Lair:8   | Reached skill level 19 in Stealth
 22462 | Lair:8   | Reached XP level 14. HP: 65/65 MP: 17/32
 23641 | Lair:8   | Reached skill level 1 in Necromancy
 24823 | Lair:7   | Reached skill level 20 in Stealth
 25545 | Lair:8   | Identified Enoutani's Advanced Steps in Spellcraft (You found it on level 8 of the Lair of Beasts)
 25552 | Lair:8   | Learned a level 5 spell: Summon Mana Viper
 26096 | D:10     | Bought a dazzling greatsling for 380 gold pieces
 26096 | D:10     | Identified the +4 greatsling "Tummoing" {velocity, rElec Str+5 Dex-2} (You bought it in a shop on level 10 of the Dungeon)
 27243 | D:12     | Found Gufra's General Store.
 27879 | D:12     | Noticed a tengu reaver
 27888 | D:12     | Noticed a stone giant
 27954 | D:12     | Killed a tengu reaver
 28068 | D:12     | Killed a stone giant
 28184 | D:12     | Got an ancient copper amulet
 28186 | D:12     | Identified the amulet of Ryexumel {+Rage rPois Str-5 Dex+6} (You found it on level 12 of the Dungeon)
 28292 | D:12     | Reached XP level 15. HP: 68/68 MP: 27/34
 29000 | Orc:1    | Entered Level 1 of the Orcish Mines
 29136 | Orc:1    | Found Zutruwegg's Quality Used Wands.
 29163 | Orc:1    | Reached skill level 15 in Spellcasting
 29404 | Orc:1    | Reached skill level 10 in Slings
 29632 | Orc:2    | Entered Level 2 of the Orcish Mines
 29632 | Orc:2    | Found a labyrinth entrance.
 29757 | Lab      | Entered a labyrinth
 30369 | Lab      | Identified a +0 rod of shadows (14/14) (You found it in a labyrinth)
 30515 | Orc:2    | Noticed an orc warlord
 30961 | Orc:2    | Killed an orc warlord
 31110 | Orc:2    | Reached skill level 1 in Summonings
 31119 | Orc:2    | Learned a level 5 spell: Aura of Abjuration
 31415 | Orc:2    | Found Cedwaol's Antique Weapon Shop.
 31489 | Orc:2    | Found a staircase to the Elven Halls.
 31599 | Orc:2    | Found Gagean's General Store.
 31724 | Orc:2    | Found Eczica's Jewellery Boutique.
 31800 | Orc:2    | Bought the ring of Saodghor {rPois rF+ MR+ Stlth+} for 758 gold pieces
 31811 | Orc:2    | Noticed an orc warlord
 31824 | Orc:2    | Killed an orc warlord
 31960 | Orc:2    | Found a roughly hewn altar of Beogh.
 32117 | Orc:2    | Found Kazxelih's Antique Armour Boutique.
 32320 | Orc:2    | Bought the ring of Saizeyga {rElec rPois MP+9 Dex+3} for 756 gold pieces
 32520 | Spider:1 | Entered Level 1 of the Spider Nest
 32600 | Spider:1 | Noticed Rupert
 32631 | Spider:1 | Killed Rupert
 32631 | Spider:1 | Reached skill level 15 in Hexes
 32674 | Spider:1 | Noticed Agnes
 32722 | Lair:3   | Killed Agnes
 33783 | Spider:1 | Reached skill level 21 in Stealth
 35376 | Spider:2 | Noticed Arachne
 35503 | Spider:2 | Killed Arachne
 35503 | Spider:2 | Reached XP level 16. HP: 49/74 MP: 8/36
 35677 | Spider:2 | Learned a level 5 spell: Warp Weapon
 35784 | Spider:2 | Bought the +2 hat of Unreason {rF+ Int+6} for 568 gold pieces
 35839 | Spider:2 | Learned a level 4 spell: Iskenderun's Mystic Blast
 35982 | Spider:3 | Reached skill level 10 in Dodging
 37129 | Spider:4 | Entered Level 4 of the Spider Nest
 37507 | Spider:4 | Reached skill level 1 in Translocations
 38218 | Spider:4 | Noticed Jorgrun
 38240 | Spider:4 | Killed Jorgrun
 39094 | Spider:4 | Reached skill level 22 in Stealth
 39657 | Spider:4 | Got a gossamer rune of Zot
 40137 | D:13     | Reached XP level 17. HP: 64/77 MP: 19/38
 40161 | D:13     | Noticed namelastname112's ghost (journeyman DrMo)
 40174 | D:13     | Killed namelastname112's ghost
 41003 | D:13     | Found Uclag's Food Shop.
 41019 | D:13     | Bought a bread ration for 65 gold pieces
 41019 | D:13     | Bought a bread ration for 65 gold pieces
 41019 | D:13     | Bought a bread ration for 65 gold pieces
 41197 | Shoals:1 | Entered Level 1 of the Shoals
 41743 | Shoals:1 | Found an opulent altar of Gozag.
 41826 | Shoals:2 | Learned a level 5 spell: Summon Demon
 41854 | Shoals:2 | Noticed Polyphemus
 42147 | D:14     | Found a gate to the Vaults.
 42555 | D:14     | Learned a level 4 spell: Control Undead
 42674 | D:14     | Reached skill level 23 in Stealth
 43099 | Vaults:1 | Entered Level 1 of the Vaults
 43262 | Vaults:1 | Reached skill level 5 in Summonings
 43878 | Vaults:1 | Reached skill level 5 in Charms
 45565 | Vaults:2 | Noticed Boris
 45609 | Vaults:2 | Got a crystal war axe
 45610 | Vaults:2 | Identified the +4 war axe "Pofez" {elec, rPois Int+4} (You found it on level 2 of the Vaults)
 45730 | Vaults:2 | Banished Boris
 46075 | Vaults:2 | Reached XP level 18. HP: 56/83 MP: 21/41
 48290 | Vaults:3 | Found a staircase to the Crypt.
 48421 | Vaults:3 | Hit by a large rock thrown by a stone giant

Vault maps used:
D:1:      dpeg_arrival_prison
D:2:      nemelex_xobeh_ov_fountains_minmay
D:3:      grunt_gozag_breadcrumbs, ecumenical_altar_1
D:4:      makhleb_blood_cavern_becter, vehumet_crystals,
          cheibriados_altar_wand_db, kiku_gazebo_pond_becter, serial_shops,
          shop, uniq_menkaure
D:5:      first_bread, uniq_sigmund, uniq_grinder, uniq_duvessa, uniq_eustachio,
          uniq_prince_ribbit1
D:6:      uniq_pikel
D:7:      minmay_temple_entry_glassed_door, kennysheep_generic_room_2
D:9:      ashenzari_altar_1, grunt_temple_overflow_open,
          minmay_orc_entry_temple_small, basic_altar, special_room,
          serial_shops, kennysheep_mini
D:10:     erik_lair_orcish_takeover, hangedman_stone_soup, uniq_snorg,
          uniq_erica, uniq_erolcha
D:12:     minmay_nested_s, serial_shops, nicolae_shop_crystal
D:13:     minmay_bad_star, serial_shops, nicolae_shop_scaring_up_business
D:14:     david_vaults_3, fountainhead
Temple:   eino_temple_water_12
Lair:1:   enter_volcano_1, portal_ice_cave_entry_ice_beasts
Lair:2:   uniq_sonja
Lair:3:   elwin_shoals_entry_rooms, dummy_spider_entry, st_stairs_11,
          infiniplex_staircase_pool_2
Lair:5:   st_stairs_13
Lair:6:   bh_autumn_forest_stairs
Lair:7:   slime_altar_1
Lair:8:   hangedman_lair_caniforms_friends, zaba_anthell
Shoals:1: lemuel_centaur_altar
Shoals:2: uniq_frances, uniq_polyphemus
Spider:1: uniq_agnes, uniq_rupert
Spider:2: uniq_arachne
Spider:3: nicolae_spider_cling_halls, uniq_donald
Spider:4: grunt_spider_rune_circles, uniq_jorgrun
Orc:1:    nicolae_orc_lava_tube, nicolae_for_you_no_charge
Orc:2:    grunt_orc_gardens, grunt_orc_garden, grunt_orc_garden,
          grunt_orc_garden, grunt_orc_garden, basic_altar, lab_entry_generic
Vaults:1: vaults_room_octagon, nicolae_vaults_diagonal_hallway_8,
          v_alt_pattern_5, v_rooms_5, nicolae_vaults_little_squares_6,
          vaults_dpeg_hooks, ontoclasm_vaults_gateway,
          grunt_vaults_hallway_short, v_misc_3, ontoclasm_vaults_chip
Vaults:2: v_misc_27, v_misc_16, vaults_room_fours,
          vaults_mumra_minichess_inversion, vaults_dpeg_cross,
          vaults_room_large_hall, v_misc_18, nicolae_vaults_what_the_h,
          hangedman_vaults_nodes, vaults_room_guarded_vault,
          ontoclasm_vaults_tryst, ontoclasm_vaults_misaligned,
          ontoclasm_vaults_ring_small, v_alt_pattern_1, uniq_boris
Vaults:3: vaults_mumra_chevron_long, ontoclasm_vaults_gallery,
          grunt_vaults_twisty, minmay_crypt_entry_simple_sparse,
          vaults_room_stairs_pillars, nicolae_vaults_yaktaur_gun_rack
Lab:      nicolae_lab_diamond, nicolae_lab_very_dead_end, nicolae_lab_quarters,
          labyrinth_skeletal_remains, lab_block, nicolae_lab_grate
Volcano:  volcano_lake

Skill      XL: |  1  2  3  4  5  6  7  8  9 10 11 12 13 14 15 16 17 18 |
---------------+-------------------------------------------------------+-----
Spellcasting   | 3 4 6 7 8 10 11 12 13 14 15 16 18 | 18.7
Slings         | 1 2 3 4 5 6 7 9 11 12 | 12.0
Stealth        | 5 6 7 8 9 11 13 15 17 19 20 21 22 23 | 23.8
Hexes          | 4 5 6 7 9 10 11 12 13 14 15 16 17 | 17.7
Ice Magic      | 1 2 3 4 5 6 7 |  7.0
Fighting       | 1 2 3 4 |  4.5
Short Blades   | 2 3 4 5 6 7 |  7.2
Dodging        | 4 5 6 7 8 9 10 11 | 11.6
Charms         | 2 3 4 5 |  5.9
Necromancy     | 1 2 |  2.8
Summonings     | 3 4 5 |  5.8
Translocations | 2 |  2.3
Long Blades    | |  0.7
Throwing       | |  0.2
Evocations     | |  0.3

Action                   |  1- 3 |  4- 6 |  7- 9 | 10-12 | 13-15 | 16-18 || total
-------------------------+-------+-------+-------+-------+-------+-------++-------
Melee: Dagger            |    67 |    36 |       |    10 |       |       ||   113
       Short sword       |       |    18 |   177 |   515 |   586 |   748 ||  2044
       Scimitar          |       |       |       |    10 |     9 |       ||    19
       Greatsling        |       |       |       |       |       |    17 ||    17
 Fire: Hunting sling     |    75 |    56 |    53 |   131 |    87 |       ||   402
       Greatsling        |       |       |       |       |   678 |   208 ||   886
Throw: Stone             |       |       |       |       |     7 |       ||     7
 Cast: Corona            |    10 |     1 |       |       |       |       ||    11
       Ensorcelled Hiber |    24 |    34 |    34 |   171 |   367 |   154 ||   784
       Confuse           |     1 |     5 |    36 |    73 |   166 |   199 ||   480
       Tukima's Dance    |       |     8 |    17 |    26 |    40 |    67 ||   158
       Regeneration      |       |       |       |    20 |    35 |    37 ||    92
       Cause Fear        |       |       |       |     9 |    27 |    11 ||    47
       Dazzling Spray    |       |       |       |       |     3 |     1 ||     4
       Gell's Gravitas   |       |       |       |       |     3 |       ||     3
       Summon Mana Viper |       |       |       |       |    31 |    73 ||   104
       Aura of Abjuratio |       |       |       |       |     1 |     7 ||     8
       Warp Weapon       |       |       |       |       |       |    20 ||    20
       Iskenderun's Myst |       |       |       |       |       |     2 ||     2
       Summon Demon      |       |       |       |       |       |    26 ||    26
       Control Undead    |       |       |       |       |       |     5 ||     5
Invok: Call Merchant     |       |       |       |       |     2 |     1 ||     3
       Bribe Branch      |       |       |       |       |       |     1 ||     1
Evoke: Wand              |       |       |       |       |     4 |     2 ||     6
  Use: Scroll            |       |     2 |     8 |    10 |    12 |     9 ||    41
       Potion            |       |       |     7 |     8 |     4 |    12 ||    31
 Stab: Sleeping          |    21 |    36 |    34 |   168 |   278 |   140 ||   677
       Confused          |     1 |     3 |    25 |    43 |    47 |   118 ||   237
       Distracted        |       |       |       |     2 |     2 |    17 ||    21
       Fleeing           |       |       |       |     1 |     2 |       ||     3
  Eat: Bread ration      |       |     1 |     1 |     1 |     1 |     1 ||     5
       Pizza             |       |       |       |     1 |     2 |       ||     3
       Royal jelly       |       |       |       |     1 |     4 |     2 ||     7
       Fruit             |       |       |       |       |     4 |       ||     4
